 Dungeon Crawl Stone Soup version 0.22.1-2-g9c5b331383 (webtiles) character file.

7626 Knicklaso the Covert (level 10, 0/50 HPs)
             Began as a Deep Elf Venom Mage on Nov 25, 2018.
             Was a Priest of Hepliaklqana.
             Slain by a wraith (8 damage)
             ... led by Josephine
             ... on level 9 of the Dungeon.
             The game lasted 00:49:29 (13878 turns).

Knicklaso the Covert (Deep Elf Venom Mage)         Turns: 13878, Time: 00:49:30

Health: 0/50       AC:  4    Str: 10    XL:     10   Next: 98%
Magic:  24/24      EV: 17    Int: 24    God:    Hepliaklqana [***...]
Gold:   425        SH:  4    Dex: 15    Spells: 15/25 levels left

rFire    . . .     SeeInvis .   F - +2 dagger (drain)
rCold    + . .     Gourm    .   K - +0 buckler {rPois}
rNeg     . . .     Faith    .   w - +2 robe {rC+}
rPois    +         Spirit   .   (no helmet)
rElec    .         Reflect  .   (no cloak)
rCorr    .         Harm     .   (no gloves)
MR       +....                  (no boots)
Stlth    +++++.....             (no amulet)
HPRegen  0.16/turn              n - +5 ring of strength
MPRegen  0.19/turn              J - ring of stealth

@: about to teleport, slowed, very slow
A: reduced essence
a: Recall Ancestor, Ancestor Identity, Transference, Renounce Religion


You were on level 9 of the Dungeon.
You worshipped Hepliaklqana.
Hepliaklqana was most pleased with you.
You were hungry.

You visited 1 branch of the dungeon, and saw 10 of its levels.
You also visited: Sewer.

You collected 425 gold pieces.

Inventory:

Hand Weapons
 s - a +0 shortbow
 B - a +1 whip of freezing
 F - a +2 dagger of draining (weapon)
Missiles
 x - 88 arrows
Armour
 w - a +2 robe of cold resistance (worn)
 K - a +0 buckler of poison resistance (worn)
Magical Staves
 E - an uncursed staff of cold
Jewellery
 f - a +2 ring of intelligence {unknown}
 n - a +5 ring of strength (left hand)
 t - the ring of Ettenoat {*Corrode MP+9 Int+6}
   (You found it on level 4 of the Dungeon)

   [ring of magical power]

   It affects your intelligence (+6).
   It affects your magic capacity (+9).
   It may corrode you when you take damage.
 v - an uncursed ring of stealth
 J - a ring of stealth (right hand)
 M - an uncursed ring of resist corrosion {unknown}
Wands
 a - a wand of paralysis (9)
 z - a wand of digging (13)
 A - a wand of acid (6)
 C - a wand of polymorph (12)
 I - a wand of flame (29)
Scrolls
 b - 6 scrolls of identify
 g - 4 scrolls of teleportation
 i - a scroll of random uselessness {unknown}
 k - 2 scrolls of enchant weapon
 l - a scroll of amnesia {unknown}
 r - a scroll of fear
 y - 3 scrolls of magic mapping
 D - 2 scrolls of enchant armour
 H - a scroll of fog {unknown}
Potions
 d - 3 potions of brilliance
 e - 5 potions of heal wounds
 h - 4 potions of flight {unknown}
 j - 7 potions of curing {unknown}
 m - 3 potions of might {unknown}
 o - 2 potions of ambrosia {unknown}
 p - 4 potions of mutation {unknown}
 q - a potion of invisibility
 u - a potion of degeneration {unknown}
 G - a potion of agility {unknown}
Comestibles
 c - 21 rations


   Skills:
 - Level 4.0 Fighting
 + Level 1.9 Short Blades
 - Level 7.9 Dodging
 - Level 8.4 Stealth
 * Level 1.9 Shields
 - Level 8.0 Spellcasting
 - Level 6.3 Conjurations
 * Level 3.4 Summonings
 * Level 5.2 Air Magic
 - Level 7.2 Poison Magic
 - Level 6.0 Evocations


You had 15 spell levels left.
You knew the following spells:

 Your Spells              Type           Power        Failure   Level  Hunger
a - Sting                 Conj/Pois      ####         1%          1    None
b - Poisonous Vapours     Pois/Air       #####.       1%          2    None
c - Mephitic Cloud        Conj/Pois/Air  #####...     1%          3    None
d - Summon Lightning Spi  Summ/Air       ####....     14%         4    ##.....

Your spell library contained the following spells:

 Spells                   Type           Power        Failure   Level  Hunger
 Summon Small Mammal      Summ           ####         1%          1    None
 Call Imp                 Summ           ####....     3%          2    None
 Olgreb's Toxic Radiance  Pois           #####...     4%          4    ##.....
 Call Canine Familiar     Summ           ####....     6%          3    None
 Summon Guardian Golem    Hex/Summ       ###.....     12%         3    None
 Venom Bolt               Conj/Pois      #####.....   14%         5    #####..
 Summon Ice Beast         Ice/Summ       ###.....     38%         4    ##.....


Dungeon Overview and Level Annotations

Branches:
Dungeon (10/15)            Temple (0/1) D:7            Lair (0/6) D:9
    Orc: D:9-12

Altars:
Cheibriados
Dithmenos
Hepliaklqana
Kikubaaqudgha
Qazlal
Ru
Sif Muna
Vehumet
Xom
The Shining One

Annotations:
D:10 Josephine


Message History

The wraith barely misses Taribatum.
Taribatum misses the wraith.
The wraith hits Taribatum but does no damage.
Taribatum hits the wraith with a dagger of draining.
The wraith hits Taribatum!
The wraith drains Taribatum's vigour!
Taribatum seems to slow down.
Taribatum hits the wraith but does no damage.
The wraith hits Taribatum!
Taribatum is destroyed!
You are feeling hungry.
The wraith closely misses you. The wraith hits you!
* * * LOW HITPOINT WARNING * * *
The wraith hits you.
* * * LOW HITPOINT WARNING * * *
The wraith drains your vigour!
You feel as though you will be slow longer.
As you read the scroll of teleportation, it crumbles to dust.
You feel strangely unstable. The wraith hits you!
You die...

###### #.# #.# #....#
#.####.#
##....###########......#
.....[.).......>########
(#....##.######.#
.#....#.......#.#
(#....#.......#c#
.#..[.#.......#W###
.#....#.......#.@.#
.#....#.......###.#
(#....##.###### #.#
)...>.##.# #.#
.)....##.# #.#
.).#####.# #.# .#)##
#.##### #.# .#.(#
#.#...# #.# ###.##
#.#R#.####.#


You could see a wraith and a centaur.

Vanquished Creatures
  A deep elf mage (D:8)
  A hornet (D:9)
  Grinder (D:5)
  Sigmund (D:5)
  A hippogriff (D:9)
  2 hogs (D:7)
  Grum (D:8)
  Edmund (D:6)
  An orc warrior (D:9)
  A black bear (D:7)
  3 slaves (D:5)
  An ice beast (D:5)
  6 ogres
  A sky beast (D:5)
  A necrophage (D:8)
  A wolf (D:8)
  3 centaurs (D:8)
  2 big kobolds (Sewer)
  A bullfrog (D:6)
  2 scorpions
  6 killer bees (D:9)
  A wight (D:9)
  3 howler monkeys
  A crimson imp (D:9)
  A jelly (D:7)
  3 hounds
  A gnoll shaman (D:9)
  A centaur skeleton (D:6)
  An iguana (D:9)
  7 worker ants
  4 orc wizards
  A hound zombie (D:7)
  A howler monkey zombie (D:7)
  12 gnolls
  A worker ant zombie (D:7)
  5 river rats (Sewer)
  6 adders
  An adder skeleton (D:9)
  2 worms
  A dart slug (D:1)
  3 leopard geckos
  14 orcs
  6 ball pythons
  7 bats
  3 giant cockroaches
  7 goblins
  9 hobgoblins
  30 jackals
  2 quokkas
  3 frilled lizards
  17 kobolds
  A quokka skeleton (D:5)
  25 rats
218 creatures vanquished.

Vanquished Creatures (collateral kills)
  Harold (D:8)
  Pikel (D:5)
  A hippogriff (D:9)
  A human (D:7)
  A hog (D:7)
  A yak (D:7)
  A hungry ghost (D:9)
  A slave (D:5)
  A black bear (D:9)
  2 phantoms
  An ice beast (D:7)
  A wolf (D:8)
  2 big kobolds
  A bullfrog (D:9)
  A gnoll sergeant (D:9)
  3 wights (D:9)
  2 howler monkeys
  2 crimson imps
  An orc priest (D:9)
  3 hounds
  A jelly (D:9)
  A bullfrog skeleton (D:7)
  An orc wizard (D:9)
  A worker ant (D:4)
  A worker ant zombie (D:6)
  5 gnolls
  4 adders
  3 shadow imps
  An adder zombie (D:5)
  2 worms
  An orc (D:9)
  5 jackals
  2 quokkas
  A bat (D:3)
  A frilled lizard (Sewer)
  A giant cockroach zombie (D:5)
  2 kobolds (Sewer)
  5 rats (Sewer)
66 creatures vanquished.

Vanquished Creatures (others)
  A wolf (D:8)
  A howler monkey (D:8)
  3 hexers
  2 ancestors (D:5)
7 creatures vanquished.

Grand Total: 291 creatures vanquished

Notes
Turn   | Place    | Note
-------+----------+-------------------------------------------
     0 | D:1      | Knicklaso the Deep Elf Venom Mage began the quest for the
                  | Orb.
     0 | D:1      | Reached XP level 1. HP: 10/10 MP: 6/6
   209 | D:1      | Reached XP level 2. HP: 13/15 MP: 2/8
   708 | D:1      | Reached XP level 3. HP: 19/19 MP: 7/9
   802 | D:1      | Learned a level 2 spell: Poisonous Vapours
   806 | D:1      | Learned a level 3 spell: Mephitic Cloud
  2211 | D:2      | Reached XP level 4. HP: 24/24 MP: 8/11
  2532 | D:3      | Found a hazy altar of Hepliaklqana.
  2568 | D:3      | Became a worshipper of Hepliaklqana the Forgotten
  2904 | D:3      | Found a sacrificial altar of Ru.
  2909 | D:3      | Found a stormy altar of Qazlal.
  3130 | D:3      | Found an ancient bone altar of Kikubaaqudgha.
  3130 | D:3      | Found a snail-covered altar of Cheibriados.
  3136 | D:3      | Reached skill level 1 in Air Magic
  3140 | D:3      | Found a deep blue altar of Sif Muna.
  3522 | D:4      | Reached XP level 5. HP: 25/25 MP: 8/13
  3678 | D:4      | Noticed an ogre
  3685 | D:4      | Killed an ogre
  3690 | D:4      | Got a sparkling copper ring
  3937 | D:4      | Reached XP level 6. HP: 21/28 MP: 9/15
  4303 | D:4      | Reached skill level 5 in Spellcasting
  4539 | D:4      | Reached * piety under Hepliaklqana
  4599 | D:4      | Found a glowing golden altar of the Shining One.
  4642 | D:5      | Entered Level 5 of the Dungeon
  4642 | D:5      | Noticed Sigmund
  5297 | D:5      | Killed Sigmund
  5297 | D:5      | Reached XP level 7. HP: 27/32 MP: 8/17
  5392 | D:5      | Reached skill level 5 in Stealth
  5694 | D:5      | Noticed Pikel
  5707 | D:5      | Killed Pikel
  5707 | D:5      | Reached skill level 1 in Fighting
  5707 | D:5      | Reached skill level 5 in Dodging
  5707 | D:5      | Reached XP level 8. HP: 38/38 MP: 7/19
  5715 | D:5      | Identified the ring of Ettenoat {*Corrode MP+9 Int+6} (You
                  | found it on level 4 of the Dungeon)
  5721 | D:5      | Noticed Grinder
  5798 | D:5      | Reached skill level 5 in Poison Magic
  6120 | D:5      | Killed Grinder
  6684 | D:6      | Noticed Edmund
  6700 | D:6      | Killed Edmund
  6941 | D:6      | Reached ** piety under Hepliaklqana
  6944 | D:6      | Remembered your ancestor Taribatum as a hexer
  6959 | D:6      | Found a glowing drain.
  6976 | Sewer    | Entered a sewer
  7320 | Sewer    | Reached XP level 9. HP: 39/43 MP: 11/22
  7693 | D:6      | Found a shimmering altar of Xom.
  8420 | D:7      | Found a shadowy altar of Dithmenos.
  8984 | D:7      | Reached skill level 5 in Conjurations
  8984 | D:7      | Reached skill level 5 in Evocations
  9486 | D:7      | Found a staircase to the Ecumenical Temple.
 10029 | D:8      | Noticed Grum
 10054 | D:8      | Killed Grum
 10069 | D:8      | Reached XP level 10. HP: 31/50 MP: 13/24
 10180 | D:8      | Noticed a deep elf mage
 10463 | D:8      | Killed a deep elf mage
 10734 | D:8      | Found a radiant altar of Vehumet.
 10811 | D:8      | Reached *** piety under Hepliaklqana
 11193 | D:8      | Noticed Harold
 11218 | D:8      | Killed Harold
 11257 | D:8      | Learned a level 4 spell: Summon Lightning Spire
 11867 | D:9      | Reached skill level 1 in Summonings
 12350 | D:9      | Reached skill level 1 in Short Blades
 12367 | D:9      | Found a staircase to the Lair.
 12425 | D:9      | Reached skill level 1 in Shields
 12764 | D:9      | Reached skill level 5 in Air Magic
 13581 | D:10     | Entered Level 10 of the Dungeon
 13581 | D:10     | Noticed Josephine
 13878 | D:9      | Slain by a wraith

Skill      XL: |  1  2  3  4  5  6  7  8  9 10 |
---------------+-------------------------------+-----
Conjurations   | 2 3 4 5 6 |  6.3
Dodging        | 3 4 5 6 7 |  7.9
Stealth        | 3 4 5 6 7 8 |  8.4
Poison Magic   | 4 5 6 7 |  7.2
Air Magic      | 1 2 3 4 5 |  5.2
Spellcasting   | 4 5 6 7 8 |  8.0
Fighting       | 1 3 4 |  4.0
Evocations     | 2 3 6 |  6.0
Summonings     | 3 |  3.4
Short Blades   | 1 |  1.9
Shields        | 1 |  1.9

Action                   |  1- 3 |  4- 6 |  7- 9 | 10-12 || total
-------------------------+-------+-------+-------+-------++-------
Melee: Unarmed           |     6 |       |       |       ||     6
       Short sword       |    14 |    46 |     8 |       ||    68
       Dagger            |       |       |   157 |    20 ||   177
       Whip              |       |       |    64 |    94 ||   158
 Cast: Sting             |    50 |     7 |    30 |     6 ||    93
       Poisonous Vapours |    23 |    57 |   131 |    88 ||   299
       Mephitic Cloud    |       |       |    10 |    12 ||    22
       Summon Lightning  |       |       |       |     4 ||     4
Invok: Recall Ancestor   |       |       |     1 |     1 ||     2
       Ancestor Life: He |       |       |     1 |       ||     1
       Ancestor Identity |       |       |     1 |       ||     1
Evoke: Wand              |       |       |     2 |       ||     2
  Use: Scroll            |       |       |    12 |     3 ||    15
       Potion            |       |       |       |     2 ||     2
 Stab: Sleeping          |       |     3 |     2 |     1 ||     6
       Confused          |       |       |     6 |     4 ||    10
       Distracted        |       |       |     3 |       ||     3
  Eat: Chunk             |     4 |     8 |    13 |    10 ||    35
       Ration            |       |     1 |       |     1 ||     2
Armor: Robe              |    16 |    13 |    23 |    12 ||    64
Dodge: Dodged            |    45 |    39 |   168 |   100 ||   352
Block: Buckler           |       |       |       |    10 ||    10
